AoeStats
← AM | MANCO-KUN

African Clearing

510932138Analyzed
3v3 RM · 14h ago on Oct 3, 2026· 63m 39s· 6 players
Game mode
Random Map
Map size
Normal (6 player)
Population
200
Speed
Normal
Resources
Standard
Victory
Conquest
Starting age
Dark Age
Ending age
Imperial Age
RankedLock teamsTeams togetherTeam positionsShared explorationLock speedFull tech treeHidden civsTurbo modeCheats
Victory
Defeat
🇳🇿 Spanish · New Zealand
1365
+14
🇦🇺 Koreans · Australia
1358
+14
🇦🇺 Berbers · Australia
1357
+14
🇨🇴 Tupi · Colombia
1414
-18
🇲🇽 Vietnamese · Mexico
1327
-14
🇲🇽 Sicilians · Mexico
1222
-10
AM | MANCO-KUN
3:40 Loom
11:58 Feudal Age
16:17 Scale Barding Armor
19:30 Forging
20:57 Bloodlines
25:44 Double-Bit Axe
29:30 Horse Collar
34:08 Castle Age
32:05 Gold Mining
33:07 Stone Mining
33:34 Fletching
36:50 Iron Casting
37:42 Chain Barding Armor
39:07 Husbandry
40:22 Wheelbarrow
39:51 Elite Skirmisher
40:36 Padded Archer Armor
46:11 Ballistics
48:52 Hand Cart
50:02 Thumb Ring
49:51 Treadmill Crane
54:01 Imperial Age
51:54 Bow Saw
51:49 Town Watch
52:43 Leather Archer Armor
53:34 Chatras
55:19 Ring Archer Armor
54:15 Imperial Skirmisher
60:24 Elite Battle Elephant
AM | Popeyin
8:46 Loom
31:34 Feudal Age
38:39 Castle Age
38:05 Forging
37:55 Scale Mail Armor
50:09 Double-Bit Axe
50:20 Stone Mining
51:51 Stone Shaft Mining
51:09 Gold Mining
58:40 Wheelbarrow
60:10 Squires
59:56 Gambesons
59:57 Arson
61:06 Bow Saw
60:54 Horse Collar
AM | AndresBC
5:51 Loom
12:05 Feudal Age
13:58 Fletching
14:56 Double-Bit Axe
26:10 Castle Age
24:24 Horse Collar
24:35 Gold Mining
25:36 Padded Archer Armor
26:14 Crossbowman
26:52 Bodkin Arrow
27:25 Leather Archer Armor
28:17 Bow Saw
29:33 Ballistics
35:45 Wheelbarrow
35:37 Elite Skirmisher
38:33 Heavy Plow
41:41 Hand Cart
45:57 Imperial Age
45:59 Imperial Skirmisher
46:42 Bracer
47:44 Chemistry
48:20 Ring Archer Armor
49:51 Curare
50:16 Pikeman
50:56 Squires
50:59 Scale Mail Armor
51:09 Forging
51:22 Conscription
52:06 Chain Mail Armor
51:13 Halberdier
52:31 Arson
53:24 Iron Casting
54:41 Plate Mail Armor
57:58 Coinage
59:23 Banking
60:01 Guard Tower
61:49 Two-Man Saw
61:25 Gold Shaft Mining
62:25 Stone Mining
Henrì
9:41 Loom
12:09 Feudal Age
12:57 Double-Bit Axe
15:11 Scale Barding Armor
15:22 Forging
22:17 Castle Age
22:09 Fletching
23:34 Bow Saw
37:58 Horse Collar
38:19 Bodkin Arrow
50:59 Imperial Age
49:20 Ballistics
50:23 Treadmill Crane
51:51 Bracer
53:12 Chemistry
53:55 Conscription
53:47 Masonry
55:33 Elite War Wagon
58:04 Architecture
Isaac
6:08 Loom
13:23 Feudal Age
13:30 Man-at-Arms
22:28 Double-Bit Axe
22:39 Town Watch
30:09 Castle Age
31:17 Fletching
32:05 Bodkin Arrow
37:30 Bloodlines
40:36 Husbandry
48:05 Padded Archer Armor
49:17 Leather Archer Armor
55:53 Wheelbarrow
57:19 Ballistics
57:11 Fortified Wall
57:58 Elite Skirmisher
58:45 Thumb Ring
58:43 Scale Mail Armor
59:24 Masonry
61:07 Gold Mining
65:08 Imperial Age
Jasentaoe
6:18 Loom
13:48 Feudal Age
26:36 Double-Bit Axe
29:28 Castle Age
31:35 Padded Archer Armor
32:37 Leather Archer Armor
32:53 Gold Mining
33:49 Bow Saw
33:52 Husbandry
34:09 Bloodlines
40:04 Wheelbarrow
45:33 Horse Collar
49:50 Imperial Age
47:42 Scale Barding Armor
49:05 Chain Barding Armor
49:53 Cavalier
52:07 Forging
53:31 Plate Barding Armor
57:10 Iron Casting
56:34 Paladin
61:09 Blast Furnace
Connection lost

Rejoining the realm…

Still unreachable

The connection could not be restored.

Session expired

The server has moved on; the page needs a fresh start.